 Dungeon Crawl Stone Soup version 0.30-b1-2-g02819fbbbe (webtiles) character file.

Game seed: 11281522713515374991

2608 raph the Arsonist (level 9, -2/52 HPs)
             Began as a Deep Elf Fire Elementalist on June 29, 2023.
             Was a Follower of Ashenzari.
             Killed from afar by a steam dragon (21 damage)
             ... with a ball of steam
             ... on level 7 of the Dungeon.
             The game lasted 00:14:12 (9176 turns).

raph the Arsonist (Deep Elf Fire Elementalist)      Turns: 9176, Time: 00:14:13

Health: -2/52      AC:  7    Str: 11    XL:     9   Next: 33%
Magic:  0/23       EV: 15    Int: 25    God:    Ashenzari [*.....]
Gold:   171        SH:  5    Dex: 15    Spells: 11/24 levels left

rFire   . . .        g - +2 dagger (vamp)
rCold   . . .        (no shield)
rNeg    . . .        a - +0 robe
rPois   .            n - +2 helmet "I Knew You'd Do That" {Fort, Self} (curse)
rElec   .            (no cloak)
rCorr   .            (no gloves)
SInv    .            k - +1 pair of boots "Prophetic Negligence" {Fly, Melee, Evo} (curse)
Will    +....        y - amulet of reflection
Stlth   ++           e - ring of willpower
HPRegen 0.28/turn    j - +6 ring of strength
MPRegen 0.18/turn

%: reflection
@: flying
A: no striking features
a: Renounce Religion, Shatter the Chains


You were on level 7 of the Dungeon.
You worshipped Ashenzari.
Ashenzari was aware of your devotion.
You visited 1 branch of the dungeon, and saw 7 of its levels.

You collected 336 gold pieces.
You spent 165 gold pieces at shops.

Inventory:

Hand Weapons
 c - a +0 short sword
 f - a +1 dagger of speed
 g - a +2 vampiric dagger (weapon)
 q - a +0 rapier
Missiles
 m - 8 poisoned darts
 o - 4 boomerangs
 s - a throwing net
Armour
 a - a +0 robe (worn)
 k - the cursed +1 pair of boots "Prophetic Negligence" (worn) {Fly, Melee, Evo}
   (You bought it in a shop on level 1 of the Dungeon)

   It has a curse which improves the following skills: Melee Combat: Short
   Blades, Long Blades, Axes, Maces & Flails, Polearms, Staves and Unarmed
   Combat.
   Evocations: Evocations.
 n - the cursed +2 helmet "I Knew You'd Do That" (worn) {Fort, Self}
   (You found it on level 2 of the Dungeon)

   It has a curse which improves the following skills: Fortitude: Armour and
   Shields.
   Introspection: Fighting and Spellcasting.
Jewellery
 e - a ring of willpower (left hand)
 j - a +6 ring of strength (right hand)
 v - a ring of resist corrosion
 y - an amulet of reflection (around neck)
Wands
 b - a wand of light (4)
 x - a wand of flame (20)
Scrolls
 d - a scroll of poison
 r - a scroll of fog
 t - 3 scrolls of magic mapping
Potions
 h - 2 potions of ambrosia
 i - 3 potions of flight
 l - 4 potions of curing
 p - 5 potions of heal wounds
 u - a potion of haste
 w - a potion of brilliance


   Skills:
 + Level 3.8(4.5) Fighting
 + Level 6.4 Dodging
 - Level 2.4 Stealth
 + Level 7.3(8.1) Spellcasting
 + Level 5.3 Conjurations
 - Level 3.7 Hexes
 * Level 8.7 Fire Magic


You had 11 spell levels left.
You knew the following spells:

 Your Spells              Type           Power      Damage    Failure   Level
a - Foxfire               Conj/Fire      100%       2x1d9     1%          1
b - Scorch                Fire           100%       2d9       1%          2
c - Inner Flame           Hex/Fire       41%        N/A       1%          3
d - Volatile Blastmotes   Fire/Tloc      64%        2d15      3%          3
e - Flame Wave            Conj/Fire      45%        2d12      3%          4

Your spell library contained the following spells:

 Spells                   Type           Power      Damage    Failure   Level
 Kiss of Death            Conj/Necr      92%        2d12      1%          1
 Slow                     Hex            100%       N/A       1%          1
 Static Discharge         Conj/Air       46%        2-4/arc   3%          2
 Confusing Touch          Hex            29%        N/A       3%          3
 Sticky Flame             Conj/Fire      45%        2d6       3%          4
 Ignite Poison            Fire/Tmut/Pois 24%        N/A       5%          3
 Vampiric Draining        Necr           10%        2d6       19%         3
 Airstrike                Air            5%         2d(1-17)  52%         4
 Dispel Undead            Necr           10%        3d9       52%         4
 Summon Lightning Spire   Summ/Air       10%        N/A       52%         4
 Ignition                 Fire           26%        3d9       100%        8


Dungeon Overview and Level Annotations

Branches:
Dungeon (7/15)             Temple (0/1) D:6

Altars:
Ashenzari
Dithmenos
Fedhas
Makhleb
Trog
Wu Jian
Yredelemnul
The Shining One

Shops:
D:1 [


Message History

The steam dragon's fire resistance burns away.
The steam dragon bites you. The steam dragon closely misses you.
Casting: Scorch (safe; 1% risk of failure)
Confirm with . or Enter, or press ? or * to list all spells.
You don't have enough magic to cast this spell.
You hit the steam dragon but do no damage.
The steam dragon is heavily wounded.
The steam dragon breathes steam at you. The ball of steam hits you!
Casting: Scorch (safe; 1% risk of failure)
Confirm with . or Enter, or press ? or * to list all spells.
You conjure some foxfire!
You are engulfed in a cloud of scalding steam.
The steam dragon is no longer more vulnerable to fire.
The steam dragon bites you but does no damage.
The steam dragon claws you but does no damage.
The foxfire hits the steam dragon but does no damage.
The steam dragon is heavily wounded.
The foxfire hits the steam dragon but does no damage.
The steam dragon is heavily wounded.
You block the steam dragon's attack. The steam dragon barely misses you.
You hit the steam dragon but do no damage.
The steam dragon is heavily wounded.
You block the steam dragon's attack. The steam dragon claws you.
Casting: Foxfire (safe; 1% risk of failure)
Confirm with . or Enter, or press ? or * to list all spells.
You don't have enough magic to cast this spell.
Casting: Foxfire (safe; 1% risk of failure)
Confirm with . or Enter, or press ? or * to list all spells.
You conjure some foxfire!
You block the steam dragon's attack. The steam dragon claws you.
You hit the steam dragon.
You feel better.
The steam dragon is heavily wounded.
The foxfire hits the steam dragon.
The steam dragon is severely wounded.
The foxfire hits the steam dragon.
The steam dragon is almost dead.
The steam dragon breathes steam at you. The ball of steam hits you!!
You die...

∩ ...#. ... ..#.#..
...... . #)... #.
#.).. #..#.))########
#....§)D.......
#...§@.#########
#######§.#.......#
#........§....#..#
.........§.......#
..............#.##
...........##.#.#
.......>##.##.#.#
........##.##.#..
?#########.##.#######


You could see a steam dragon (catching breath).

Vanquished Creatures
  Pikel (D:6)
  Grinder (D:6)
  Eustachio (D:4)
  Menkaure (D:6)
  A water moccasin (D:6)
  2 ice beasts
  A sky beast (D:6)
  A black bear (D:3)
  3 centaurs
  A phantom (D:6)
  A lemure (D:6)
  A kobold brigand (D:6)
  2 gnoll sergeants
  A howler monkey (D:4)
  2 jellies
  2 hounds
  3 orc priests
  2 gnoll boudas (D:4)
  A sleepcap (D:6)
  An orc wizard (D:3)
  15 gnolls
  8 adders
  2 river rats (D:3)
  2 white imps
  An ufetubus (D:5)
  3 worms
  2 dart slugs
  19 orcs
  11 ball pythons
  5 bats
  10 endoplasms
  6 giant cockroaches
  4 goblins
  5 hobgoblins
  4 jackals (D:2)
  4 kobolds
  3 quokkas
  3 frilled lizards
  3 rats
139 creatures vanquished.

Vanquished Creatures (collateral kills)
  3 foxfires
3 creatures vanquished.

Vanquished Creatures (others)
  429 foxfires
  A fungus (D:3)
  10 plants (D:3)
440 creatures vanquished.

Grand Total: 582 creatures vanquished

Notes
Turn   | Place    | Note
-------+----------+-------------------------------------------
     0 | D:1      | raph the Deep Elf Fire Elementalist began the quest for the
                  | Orb.
     0 | D:1      | Reached XP level 1. HP: 10/10 MP: 6/6
   229 | D:1      | Found Numenuux's Armour Boutique.
   523 | D:1      | Reached XP level 2. HP: 15/15 MP: 5/8
   526 | D:1      | Learned a level 2 spell: Scorch
   555 | D:1      | Reached skill level 4 in Fire Magic
  1014 | D:2      | Reached XP level 3. HP: 20/20 MP: 1/9
  1198 | D:2      | Learned a level 3 spell: Inner Flame
  2162 | D:3      | Reached XP level 4. HP: 23/24 MP: 8/11
  2249 | D:3      | Noticed a gnoll sergeant
  2259 | D:3      | Killed a gnoll sergeant
  2260 | D:3      | Reached skill level 1 in Fighting
  2260 | D:3      | Reached skill level 1 in Hexes
  2660 | D:3      | Found a glowing drain.
  2663 | D:3      | Identified the +1 chain mail "Cegyid" {Harm rF+ Int-5}
  2665 | D:3      | Reached XP level 5. HP: 29/29 MP: 7/12
  3583 | D:3      | Reached skill level 5 in Fire Magic
  4112 | D:3      | HP: 1/29 [orc priest/+0 club (6)]
  4114 | D:3      | Reached XP level 6. HP: 2/34 MP: 3/14
  4725 | D:3      | Found a faded altar of an unknown god.
  5021 | D:3      | Learned a level 3 spell: Volatile Blastmotes
  5026 | D:3      | Learned a level 4 spell: Flame Wave
  5373 | D:4      | Found an ornate altar of the Wu Jian Council.
  5650 | D:4      | Reached XP level 7. HP: 39/39 MP: 4/16
  5657 | D:4      | Noticed Eustachio
  5954 | D:5      | Entered Level 5 of the Dungeon
  6340 | D:4      | Reached skill level 6 in Fire Magic
  6419 | D:4      | Killed Eustachio
  6420 | D:4      | Reached skill level 5 in Spellcasting
  6633 | D:4      | Found a broken altar of Ashenzari.
  6673 | D:4      | Found a bloodstained altar of Trog.
  6857 | D:1      | Bought a +1 pair of boots of flying for 165 gold pieces
  6991 | D:4      | Became a worshipper of Ashenzari the Shackled
  7079 | D:5      | Found a burning altar of Makhleb.
  7079 | D:5      | Found a shadowy altar of Dithmenos.
  7080 | D:5      | Found a basalt altar of Yredelemnul.
  7324 | D:5      | Found a blossoming altar of Fedhas.
  7372 | D:5      | Found a glowing golden altar of the Shining One.
  7763 | D:6      | Reached XP level 8. HP: 23/45 MP: 4/18
  7767 | D:6      | Reached skill level 5 in Dodging
  7807 | D:6      | Found a staircase to the Ecumenical Temple.
  7930 | D:6      | Noticed Grinder
  7935 | D:6      | Killed Grinder
  7936 | D:6      | Reached skill level 7 in Fire Magic
  8299 | D:6      | Noticed Menkaure
  8301 | D:6      | Killed Menkaure
  8447 | D:6      | Reached skill level 8 in Fire Magic
  8514 | D:6      | Reached * piety under Ashenzari
  8710 | D:6      | Noticed Pikel
  8716 | D:6      | Killed Pikel
  8717 | D:6      | Reached skill level 5 in Conjurations
  8717 | D:6      | Reached XP level 9. HP: 47/52 MP: 10/22
  9176 | D:7      | Killed from afar by a steam dragon

Illustrated notes

Levels and vault maps discovered:
D:1:      minmay_arrival_stone_box, layout_basic, serial_shops, shop
D:2:      layout_basic, serial_park_tiny_1, minmay_heptomino_l4
D:3:      layout_loops_ring, shapermc_ecumenical_altar_hornbeckon,
          portal_sewer_entry_a, chequers_mini_garden, grunt_ministairs_8
D:4:      layout_rooms, mainiacjoe_overflow_alcove_4,
          mainiacjoe_overflow_catch_the_wave, uniq_eustachio
D:5:      layout_rooms, mainiacjoe_overflow_alcove_2,
          nicolae_overflow_quartered_altars, eino_small_chamber_without_monster
D:6:      layout_basic, minmay_temple_entry_drinking_statues, uniq_menkaure,
          uniq_grinder, uniq_pikel
D:7:      layout_basic, grunt_temple_overflow_open, enter_bailey_4,
          gammafunk_ghost_stat_death

Skill      XL: |  1  2  3  4  5  6  7  8 |
---------------+-------------------------+-----
Fire Magic     | 4 5 6 8 |  8.7
Fighting       | 1 2 3 |  3.8
Dodging        | 3 4 6 |  6.4
Hexes          | 1 2 3 |  3.7
Spellcasting   | 4 5 7 |  7.3
Conjurations   | 2 3 5 |  5.3
Stealth        | |  2.4

Action                     |  1- 3 |  4- 6 |  7- 9 || total
---------------------------+-------+-------+-------++-------
  Melee: Short sword       |     1 |       |       ||     1
         Dagger            |       |     3 |     4 ||     7
  Throw: Dart              |       |     1 |       ||     1
   Cast: Foxfire           |    89 |    75 |    99 ||   263
         Scorch            |     2 |    29 |    26 ||    57
         Inner Flame       |       |     5 |     2 ||     7
         Flame Wave        |       |       |     8 ||     8
 Invoke: Curse Item        |       |       |     2 ||     2
    Use: Scroll            |       |     7 |     9 ||    16
         Potion            |       |     1 |     1 ||     2
   Stab: Sleeping          |       |     2 |       ||     2
 Armour: Robe              |     4 |     9 |     9 ||    22
  Dodge: Dodged            |    10 |    28 |    30 ||    68
  Block: Other             |       |       |     4 ||     4
